 Dungeon Crawl Stone Soup version 0.30-a0-1043-g60ff8d5f49 (webtiles) character file.

Game seed: 17250213864316307671

4690 NateTC the Cleaver (level 10, -11/80 HPs)
             Began as a Formicid Fighter on Apr 9, 2023.
             Was a Believer of Okawaru.
             Mangled by a two-headed ogre
             ... wielding a +0 giant club
              (21 damage)
             ... on level 8 of the Dungeon on Apr 10, 2023.
             The game lasted 00:15:20 (8017 turns).

NateTC the Cleaver (Formicid Fighter)               Turns: 8017, Time: 00:15:21

Health: -11/80     AC: 15    Str: 26    XL:     10   Next: 72%
Magic:  19/19      EV: 13    Int:  9    God:    Okawaru [**....]
Gold:   554        SH:  6    Dex: 13    Spells: 9/9 levels left

rFire   . . .      SeeInvis +    a - +4 executioner's axe (heavy)
rCold   . . .      Faith    .    c - +1 buckler
rNeg    . . .      Spirit   .    e - +0 plate armour
rPois   +          Reflect  .    (helmet unavailable)
rElec   .          Rampage  .    (no cloak)
rCorr   .                        t - +0 pair of gloves
Will    .....                    (no boots) Stlth
                                 (no amulet)
HPRegen 0.33/turn                b - +5 ring of evasion
MPRegen 0.16/turn                q - ring of Immorality {rPois Will- MP+9 Int+2 SInv}

@: mighty
A: permanent stasis, dig shafts and tunnels, antennae 3, four strong arms
a: Dig, Shaft Self, Renounce Religion, Heroism


You were on level 8 of the Dungeon.
You worshipped Okawaru.
Okawaru was pleased with you.
You visited 2 branches of the dungeon, and saw 9 of its levels.

You collected 554 gold pieces.

Inventory:

Hand Weapons
 a - a +4 heavy executioner's axe (weapon)
Armour
 c - a +1 buckler (worn)
 e - a +0 plate armour (worn)
 t - a +0 pair of gloves (worn)
Jewellery
 b - a +5 ring of evasion (left hand)
 q - the ring of Immorality (right hand) {rPois Will- MP+9 Int+2 SInv}
   (You took it off a kobold on level 4 of the Dungeon)

   [ring of poison resistance]

   Int:       It affects your intelligence (+2).
   rPois:     It protects you from poison.
   MP:        It affects your magic capacity (+9).
   SInv:      It lets you see invisible.
   Will:      It decreases your willpower.
Wands
 m - a wand of digging (1)
 r - a wand of roots (9)
 s - a wand of acid (6)
Potions
 f - 2 potions of haste
 g - 2 potions of lignification
 h - a potion of flight
 i - 4 potions of curing
 k - a potion of brilliance
 l - a potion of cancellation
 n - 2 potions of magic
 o - a potion of mutation


   Skills:
 * Level 7.9 Fighting
 - Level 10.1 Axes
 * Level 9.0 Armour
 - Level 2.6 Dodging
 - Level 6.6 Shields


You had 9 spell levels left.
You didn't know any spells.
Your spell library contained the following spells:

 Spells                   Type           Power      Damage    Failure   Level
 Freeze                   Ice            0%         1d3       99%         1
 Magic Dart               Conj           0%         1d3       99%         1
 Searing Ray              Conj           0%         2d4       100%        2
 Frozen Ramparts          Ice            0%         1d1       100%        3
 Hailstorm                Conj/Ice       0%         3d3       100%        3
 Inner Flame              Hex/Fire       0%         N/A       100%        3
 Flame Wave               Conj/Fire      0%         2d4       100%        4
 Fulminant Prism          Conj/Hex       0%         3d5       100%        4
 Manifold Assault         Tloc           0%         N/A       100%        4
 Sticky Flame             Conj/Fire      0%         2d3       100%        4
 Storm Form               Tmut/Air       0%         N/A       100%        7
 Blink                    Tloc           Unusable   N/A       N/A         2

Dungeon Overview and Level Annotations

Branches:
Dungeon (8/15) Zot: 26655  Temple (1/1) D:7 Zot: 5987
   Lair: D:8-11

Altars:
Cheibriados
Elyvilon
Fedhas
Gozag
Nemelex Xobeh
Okawaru
Qazlal
Ru
Trog
Vehumet
Yredelemnul
Zin
The Shining One

Annotations:
D:2 1 runed translucent door, Crazy Yiuf


Innate Abilities, Weirdness & Mutations

You cannot be hasted, slowed, berserked, paralysed or teleported.
You can dig through walls and to a lower floor.
You have a pair of large antennae on your head. (SInv)
Your four strong arms can wield two-handed weapons with a shield.


Message History

The sleepcap releases spores at you but does no damage.
The centaur warrior hits you but does no damage.
The centaur warrior kicks you but does no damage.
The centaur warrior barely misses you. x2
You bump into the rock wall.
The centaur warrior hits you.
The centaur warrior kicks you but does no damage.
The sleepcap releases spores at you but does no damage.
The centaur warrior hits you but does no damage.
The centaur warrior kicks you but does no damage.
The centaur warrior hits you but does no damage.
The centaur warrior kicks you but does no damage.
You closely miss the centaur warrior.
The centaur warrior is heavily wounded.
You cut the sleepcap into ribbons!!!
You destroy the sleepcap!
Okawaru accepts your kill.
You slice the centaur warrior!!
You kill the centaur warrior!
Okawaru is honoured by your kill.
You feel less confused. The centaur warrior barely misses you.
The centaur warrior kicks you but does no damage.
The centaur warrior hits you but does no damage.
The centaur warrior kicks you but does no damage.
You block the orc's attack. You block the two-headed ogre's attack.
The two-headed ogre misses you.
The centaur warrior hits you but does no damage.
You block the centaur warrior's attack. You block the orc's attack.
Your Armour skill increases to level 9!
The centaur warrior wields a +0 longbow.
The centaur warrior shoots an arrow.
The arrow hits you!
* * * LOW HITPOINT WARNING * * *
The two-headed ogre attacks as you move away!
The two-headed ogre closely misses you.
The two-headed ogre hits you with a +0 giant spiked club.
* * * LOW HITPOINT WARNING * * *
Okay, then.
Are you sure you want to shaft yourself?
The two-headed ogre hits you with a +0 giant club!!
You die...

{....# #. ..
#####...# #.
...#...#...# #.
..#...#...# #.
.'...#...# #.
####...#...#####
#.
.....8.#.......#
##
8....)O#.......#
...#
...?..FcO@.....#
....
..:!$..#####...#
#### ...(...
#...# .(....8
#...# .8.....
#...# ##
...#'#######...#
... .. ...#.
.........# #.#
## .. #.
.........# #.#
.........# #.#


You could see a centaur warrior, 2 two-headed ogres and a bullfrog.

Vanquished Creatures
  A centaur warrior (D:8)
  Pikel (D:3)
  Grinder (D:4)
  A wyvern (D:8)
  Eustachio (D:6)
  A steam dragon (D:6)
  An acid dragon (D:8)
  2 water moccasins
  4 orc warriors
  A black bear (D:7)
  2 sky beasts
  An ice beast (D:6)
  An ogre (D:6)
  3 centaurs
  2 lemures (D:4)
  A phantom (D:5)
  2 kobold brigands
  A bullfrog (D:8)
  4 scorpions
  A wight (D:8)
  A howler monkey (D:6)
  8 hounds
  3 jellies (D:6)
  3 sleepcaps
  2 iguanas (D:5)
  Ijyb (D:4)
  6 orc wizards
  19 gnolls
  4 adders
  A shadow imp (D:7)
  An ufetubus (D:7)
  20 orcs
  4 endoplasms (D:1)
  5 giant cockroaches
  40 goblins
  26 hobgoblins
  5 jackals
  4 quokkas
  13 ball pythons
  5 bats (D:1)
  A frilled lizard (D:2)
  13 kobolds
  4 rats
221 creatures vanquished.

Vanquished Creatures (others)
  A wizard (D:3)
1 creature vanquished.

Grand Total: 222 creatures vanquished

Notes
Turn   | Place    | Note
-------+----------+-------------------------------------------
     0 | D:1      | NateTC the Formicid Fighter began the quest for the Orb.
     0 | D:1      | Reached XP level 1. HP: 18/18 MP: 1/1
   135 | D:1      | Reached XP level 2. HP: 21/25 MP: 2/2
   549 | D:1      | Reached XP level 3. HP: 23/30 MP: 3/3
  1484 | D:2      | Found a faded altar of an unknown god.
  1608 | D:2      | Found a runed translucent door.
  1609 | D:2      | Noticed Crazy Yiuf
  1872 | D:3      | Reached XP level 4. HP: 38/38 MP: 4/4
  1874 | D:3      | Reached skill level 3 in Axes
  2099 | D:3      | Found a stormy altar of Qazlal.
  2177 | D:3      | Found a bloodstained altar of Trog.
  2182 | D:3      | Noticed a wizard
  2185 | D:3      | Killed a wizard
  2320 | D:3      | Found a basalt altar of Yredelemnul.
  2326 | D:3      | Found a glowing golden altar of the Shining One.
  2328 | D:3      | Noticed an angel
  2626 | D:4      | Reached XP level 5. HP: 34/43 MP: 5/5
  2801 | D:4      | Reached skill level 4 in Axes
  2811 | D:4      | Noticed Ijyb
  2838 | D:4      | Killed Ijyb
  3026 | D:4      | Noticed a lemure
  3026 | D:4      | Noticed a lemure
  3026 | D:4      | Noticed a lemure
  3026 | D:4      | Noticed Grinder
  3026 | D:4      | Noticed Pikel
  3050 | D:4      | Killed a lemure
  3057 | D:4      | Killed a lemure
  3062 | D:4      | Noticed a lemure
  3092 | D:3      | Killed Pikel
  3093 | D:3      | Reached XP level 6. HP: 46/52 MP: 6/6
  3093 | D:3      | Reached XP level 7. HP: 51/58 MP: 7/7
  3112 | D:4      | Killed Grinder
  3113 | D:4      | Reached skill level 5 in Axes
  3113 | D:4      | Reached XP level 8. HP: 16/64 MP: 8/8
  3342 | D:4      | Identified the ring of Immorality {rPois Will- MP+9 Int+2
                  | SInv}
  3646 | D:5      | Entered Level 5 of the Dungeon
  3684 | D:5      | Found a sparkling altar of Nemelex Xobeh.
  3698 | D:5      | Reached skill level 6 in Axes
  4189 | D:5      | Reached skill level 7 in Axes
  4838 | D:5      | Reached skill level 1 in Dodging
  4931 | D:5      | Identified a scroll of acquirement
  4931 | D:5      | Acquired a +4 heavy executioner's axe
  5032 | D:6      | Reached skill level 8 in Axes
  5032 | D:6      | Reached XP level 9. HP: 28/69 MP: 9/9
  5784 | D:6      | Reached skill level 5 in Armour
  6082 | D:6      | Reached skill level 9 in Axes
  6721 | D:6      | Noticed Eustachio
  6729 | D:6      | Killed Eustachio
  6806 | D:7      | Found a blossoming altar of Fedhas.
  6847 | D:7      | Found a staircase to the Ecumenical Temple.
  6854 | Temple   | Entered the Ecumenical Temple
  6860 | Temple   | Became a worshipper of Warmaster Okawaru
  6916 | D:7      | Reached XP level 10. HP: 35/76 MP: 10/10
  7211 | D:7      | Reached skill level 10 in Axes
  7523 | D:7      | Found a glowing silver altar of Zin.
  7524 | D:7      | Found an opulent altar of Gozag.
  7699 | D:8      | Reached * piety under Okawaru
  8004 | D:8      | Noticed a centaur warrior
  8004 | D:8      | Noticed a centaur warrior
  8008 | D:8      | Noticed a two-headed ogre
  8012 | D:8      | Noticed a two-headed ogre
  8014 | D:8      | Killed a centaur warrior
  8014 | D:8      | Reached ** piety under Okawaru
  8017 | D:8      | Mangled by a two-headed ogre

Illustrated notes

Levels and vault maps discovered:
D:1:      mrwooster_arrival_statue_3, layout_basic,
          chequers_serial_rivers_marsh, minmay_liquid_box, minmay_tetromino_l4
D:2:      layout_basic, shapermc_ecumenical_altar_mp_highgroup,
          minmay_goblin_outpost, uniq_crazy_yiuf_cottage
D:3:      layout_basic, grunt_temple_overflow_holy_war, trog_wizard,
          mainiacjoe_overflow_cross_hatched, supply_closet_lemuel
D:4:      layout_basic, small_statue_intersection, uniq_pikel, uniq_grinder,
          uniq_ijyb
D:5:      layout_basic, overflow_temple_1_default, minmay_misc_feat_nine_boxes,
          nicolae_sextant
D:6:      minmay_goblin_kobold_castle, layout_loops_ring,
          kennysheep_opposing_triangles, uniq_eustachio
D:7:      layout_gridville, grunt_temple_overflow_gold_and_silver,
          mainiacjoe_overflow_six_doors_small, minmay_temple_entry_junction,
          minmay_misc_feat_plants, hangedman_decor_diamond_cutter
D:8:      kennysheep_blocky_room, layout_rooms, nicolae_dithmenos_shadow_blocks,
          kennysheep_dice
Temple:   nicolae_temple_bog_church

Skill      XL: |  1  2  3  4  5  6  7  8  9 10 |
---------------+-------------------------------+-----
Fighting       | 4 6 7 |  7.9
Axes           | 3 4 5 8 9 10 | 10.1
Armour         | 4 6 9 |  9.0
Shields        | 6 |  6.6
Dodging        | 1 2 |  2.6

Action                     |  1- 3 |  4- 6 |  7- 9 | 10-12 || total
---------------------------+-------+-------+-------+-------++-------
  Melee: War axe           |    86 |   112 |   154 |       ||   352
         Executioner's axe |       |       |   153 |    41 ||   194
Ability: Dig               |       |       |     1 |       ||     1
         Shaft Self        |       |       |       |     1 ||     1
    Use: Scroll            |     3 |       |    11 |     3 ||    17
         Potion            |       |     2 |     1 |     1 ||     4
 Armour: Scale mail        |    50 |     4 |       |       ||    54
         Chain mail        |       |    35 |    72 |       ||   107
         Plate armour      |       |       |   100 |    63 ||   163
  Dodge: Dodged            |    54 |    57 |   267 |    72 ||   450
  Block: Buckler           |    26 |    29 |   150 |    26 ||   231

Table legend: (Time is in decaauts)
 A = Elapsed time spent in this place.
 B = Non-inter-level travel time spent in this place.
 C = Inter-level travel time spent in this place.
 D = Time resting spent in this place.
 E = Time spent auto-exploring this place.
 F = Levels seen in this place.
 G = Mean time per level.
                   A        B        C        D        E       F      G
               +--------+--------+--------+--------+--------+-----+--------+
         Total |   8377 |   8112 |    265 |   1325 |   4774 |   9 |  930.8 |
       Dungeon |   8364 |   8099 |    265 |   1325 |   4774 |   8 | 1045.5 |
        Temple |     12 |     12 |      0 |      0 |      0 |   1 |   12.0 |
               +--------+--------+--------+--------+--------+-----+--------+

Top non-repeatable levels by time:
     D:6: 1695 daAuts
     D:5: 1657 daAuts
     D:1: 1141 daAuts
     D:4: 1110 daAuts
     D:7: 929 daAuts
     D:3: 839 daAuts
     D:2: 647 daAuts
     D:8: 343 daAuts
  Temple: 12 daAuts
